AoeStats
← claudio_miranda_94

Arabia

510224200Analyzed
1v1 RM · 1d ago on Sep 30, 2026· 32m 21s· 2 players
Game mode
Random Map
Map size
Tiny (2 player)
Population
200
Speed
Normal
Resources
Standard
Victory
Conquest
Starting age
Dark Age
Ending age
Imperial Age
RankedLock teamsTeams togetherTeam positionsShared explorationLock speedFull tech treeHidden civsTurbo modeCheats
Victory
Defeat
🇨🇱 Sicilians · Chile
808
+17
🇺🇸 Britons · United States
822
-17
claudio_miranda_94
8:29 Loom
11:21 Feudal Age
12:21 Horse Collar
12:57 Double-Bit Axe
20:36 Fletching
27:35 Castle Age
27:45 Elite Skirmisher
28:23 Bodkin Arrow
28:29 Scale Mail Armor
28:39 Forging
28:30 Padded Archer Armor
29:08 Bow Saw
28:59 Heavy Plow
31:22 Gold Mining
31:24 Stone Mining
garslo
5:33 Loom
10:40 Feudal Age
11:40 Double-Bit Axe
13:22 Gold Mining
13:29 Horse Collar
14:29 Fletching
17:51 Padded Archer Armor
24:46 Castle Age
24:50 Crossbowman
25:29 Bodkin Arrow
25:54 Leather Archer Armor
27:34 Heavy Plow
27:46 Bow Saw
31:38 Forging
31:37 Scale Barding Armor
30:56 Light Cavalry
31:37 Husbandry
Connection lost

Rejoining the realm…

Still unreachable

The connection could not be restored.

Session expired

The server has moved on; the page needs a fresh start.